 Dungeon Crawl Stone Soup version 0.23-a0-677-g07611c5 (webtiles) character file.

13 Amnesiac the Insei (level 2, 0/18 HPs)
             Began as an Octopode Transmuter on Jan 9, 2019.
             Succumbed to an adder's poison
             ... on level 2 of the Dungeon.
             The game lasted 00:00:53 (220 turns).

Amnesiac the Insei (Octopode Transmuter)             Turns: 220, Time: 00:00:54

Health: 0/18       AC:  1    Str:  9    XL:     2   Next: 37%
Magic:  0/5        EV: 13    Int: 15    God:
Gold:   10         SH:  0    Dex: 12    Spells: 2/5 levels left

rFire    . . .     SeeInvis .     - Unarmed
rCold    . . .     Gourm    .   (no shield)
rNeg     . . .     Faith    .   (helmet restricted)
rPois    .         Spirit   .   (no amulet)
rElec    .         Reflect  .   (no ring)
rCorr    .         Harm     .   (no ring)
MR       .....                  (no ring)
Stlth    ++........             (no ring)
HPRegen  0.06/turn              (no ring)
MPRegen  0.09/turn              (no ring)
                                (no ring)
                                (no ring)

@: lethally poisoned (0 -> -4), very slightly contaminated
A: almost no armour, stealthy swim, amphibious, 8 rings, constrict 8, camouflage
1, gelatinous body 1
a: no special abilities


You were on level 2 of the Dungeon.
You were not hungry.

You visited 1 branch of the dungeon, and saw 2 of its levels.

You collected 10 gold pieces.

Inventory:

Missiles
 a - 10 arrows
Comestibles
 b - 4 chunks of flesh
 c - 2 rations


   Skills:
 + Level 1.5 Fighting
 - Level 2.0 Dodging
 - Level 3.0 Unarmed Combat
 - Level 2.0 Spellcasting
 * Level 2.7 Transmutations


You had 2 spell levels left.
You knew the following spells:

 Your Spells              Type           Power        Failure   Level  Hunger
a - Beastly Appendage     Tmut           #.....       8%          1    #......
b - Sticks to Snakes      Tmut           #.......     11%         2    ###....

Your spell library contained the following spells:

 Spells                   Type           Power        Failure   Level  Hunger
 Spider Form              Tmut/Pois      #.........   36%         3    ###....
 Ice Form                 Ice/Tmut       #.......     77%         4    #####..
 Blade Hands              Tmut           #.........   90%         5    ######.


Dungeon Overview and Level Annotations

Branches:
Dungeon (2/15)

Altars:
Cheibriados


Innate Abilities, Weirdness & Mutations

You cannot wear most types of armour.
You are very stealthy in the water. (Stealth+)
You are amphibious.
You can wear up to eight rings at the same time.
You can use your tentacles to constrict eight enemies at once.
Your skin changes colour to match your surroundings (Stealth+).
Your rubbery body absorbs attacks. (AC +1, EV +1)


Message History

The jackal barely misses you.
You release your grip on the jackal.
You tentacle-slap the jackal.
You kill the jackal!
You barely miss the jackal. You grab the jackal.
The jackal is almost dead.
You constrict the jackal, but do no damage.
The jackal misses you. The jackal bites you.
* * * LOW HITPOINT WARNING * * *
You tentacle-slap the jackal but do no damage.
The jackal is almost dead.
You constrict the jackal, but do no damage.
The jackal completely misses you.
You tentacle-slap the jackal.
You kill the jackal!
You completely miss the jackal. You grab the jackal. You squeeze the jackal.
The jackal is severely wounded.
You constrict the jackal. The jackal barely misses you.
You tentacle-slap the jackal.
You kill the jackal!
Memorise Sticks to Snakes, consuming 2 spell levels and leaving 2?
You start memorising the spell.
You continue memorising. x2
You finish memorising.
Spell assigned to 'b'.
You see here a jackal corpse.
You butcher the jackal corpse.
b - 4 chunks of flesh (gained 2)
You see here a jackal skeleton.
You start resting.
An adder comes into view.
You see here a jackal skeleton.
Cast which spell? (? or * to list)
You create a snake!
You now have 11 arrows.
You swap places.
The adder bites your ball python.
Your ball python dies!
You see here a jackal skeleton.
Casting: Sticks to Snakes (safe; 11% risk of failure)
Confirm with . or Enter, or press ? or * to list all spells.
You miscast Sticks to Snakes.
You are very lightly contaminated with residual magic.
Your tentacles glow momentarily.
Casting: Sticks to Snakes (safe; 11% risk of failure)
Confirm with . or Enter, or press ? or * to list all spells.
You don't have enough magic to cast that spell.
The adder barely misses you.
Found a snail-covered altar of Cheibriados.
The adder closely misses you.
A kobold comes into view. It is wielding a +0 short sword.
The kobold throws a stone.
The stone hits you.
* * * LOW HITPOINT WARNING * * *
Found a stone staircase leading up.
You see here a stone.
The adder misses you.
Casting: Sticks to Snakes (safe; 11% risk of failure)
Confirm with . or Enter, or press ? or * to list all spells.
You create a snake!
You now have 10 arrows.
The adder bites you.
* * * LOW HITPOINT WARNING * * *
You are lethally poisoned!
The adder poisons you!
* * * LOW HITPOINT WARNING * * *
You feel sick. The adder bites your ball python.
Your ball python dies!
You aren't carrying any potions.
Unknown command.
You die...

........#.# ## #)#.#
.......#.# ..####.#.#
......#.# ...#.#.#
#......########.#.#.#
#..................#
#....#########.#...#
#.......######.#...#
##(+#K.S.......##.##
......K#.###.#@........#
##.<#.##.#...#.#########
# #. #.#.###.# .
#...รท...# .. #..######
.. #..# .#. #... #.#.#
#####


You could see an adder and a kobold.

Vanquished Creatures
  A dart slug (D:1)
  A hobgoblin (D:1)
  3 jackals (D:2)
  A kobold (D:2)
  2 bats
  2 rats (D:1)
10 creatures vanquished.

Notes
Turn   | Place    | Note
-------+----------+-------------------------------------------
     0 | D:1      | Amnesiac the Octopode Transmuter began the quest for the
                  | Orb.
     0 | D:1      | Reached XP level 1. HP: 13/13 MP: 3/3
   152 | D:2      | Reached XP level 2. HP: 16/18 MP: 5/5
   187 | D:2      | Learned a level 2 spell: Sticks to Snakes
   208 | D:2      | Found a snail-covered altar of Cheibriados.
   220 | D:2      | Succumbed to an adder's poison

Vault maps used:
D:1:      dpeg_arrival_orchard, minmay_misc_feat_rugged, minmay_misc_feat_square
D:2:      nicolae_overflow_hidden_temple, gammafunk_temple_overflow_statue,
          chequers_ecumenical_altar_island

Action                   || total
-------------------------++-------
Melee: Unarmed           ||    23
       Constrict         ||     8
       Tentacles         ||     5
       Punch             ||     1
 Cast: Sticks to Snakes  ||     2
 Stab: Sleeping          ||     2
Armor: Skin              ||     1
Dodge: Dodged            ||    13

Table legend:
 A = Non-vault XP
 B = Vault XP
 C = Vault XP percentage of total XP
 D = Non-vault monster count
 E = Vault monster count
 F = Vault count percentage of total count
                 A         B        C        D         E       F
            +---------+---------+-------+---------+---------+-------
      Total |      19 |       0 |   0.0 |      10 |       0 |   0.0
            +---------+---------+-------+---------+---------+-------
        D:1 |       9 |       0 |   0.0 |       5 |       0 |   0.0
        D:2 |      10 |       0 |   0.0 |       5 |       0 |   0.0
            +---------+---------+-------+---------+---------+-------
